 Dungeon Crawl Stone Soup version 0.27.1-35-g4d5d836560 (webtiles) character file.

Game seed: 15241006118909933886

1542 Delamore the Covert (level 8, -5/54 HPs)
             Began as an Octopode Brigand on Apr 26, 2022.
             Slain by a gnoll sergeant (7 damage)
             ... on level 6 of the Dungeon.
             The game lasted 00:05:25 (5423 turns).

Delamore the Covert (Octopode Brigand)              Turns: 5423, Time: 00:05:26

Health: -5/54      AC:  3    Str:  8 (10) XL:     8   Next: 87%
Magic:  8/8        EV: 14    Int: 16 (19) God:
Gold:   1485       SH:  0    Dex: 14 (16) Spells: 3/7 levels left

rFire    . . .     SeeInvis .   q - +4 quick blade (venom)
rCold    + . .     Faith    .   (no shield)
rNeg     . . .     Spirit   .   k - +2 hat
rPois    .         Reflect  .   p - amulet of magic regeneration
rElec    .         Harm     .   m - ring of protection from cold
rCorr    .         Rampage  .   w - +6 ring of intelligence
Will     .....                  (no ring)
Stlth    +++++.....             (no ring)
HPRegen  0.18/turn              (no ring)
MPRegen  0.36/turn              (no ring)
                                (no ring)
                                (no ring)

@: attractive
A: almost no armour, amphibious, 8 rings, camouflage 1, gelatinous body 1,
(nimble swimmer 1), tentacles
a: no special abilities


You were on level 6 of the Dungeon.
You visited 1 branch of the dungeon, and saw 6 of its levels.

You collected 1485 gold pieces.

Inventory:

Hand Weapons
 a - a +2 dagger of flaming
 q - a +4 quick blade of venom (weapon)
Missiles
 b - 11 poisoned darts (quivered)
 A - 2 curare-tipped darts
Armour
 k - a +2 hat (worn)
Jewellery
 m - a ring of protection from cold (left tentacle)
 p - an amulet of magic regeneration (around mantle)
 w - a +6 ring of intelligence (right tentacle)
Wands
 c - a wand of flame (35)
 u - a wand of paralysis (5)
 y - a wand of polymorph (23)
Scrolls
 e - a scroll of immolation
 g - a scroll of brand weapon
 h - 2 scrolls of fog {unknown}
 n - a scroll of holy word {unknown}
 o - 2 scrolls of teleportation {unknown}
 r - a scroll of silence {unknown}
 t - a scroll of enchant weapon {unknown}
 v - 2 scrolls of magic mapping
 z - a scroll of amnesia {unknown}
Potions
 d - a potion of degeneration
 i - a potion of attraction
 j - a potion of cancellation {unknown}
 l - a potion of brilliance {unknown}
 s - a potion of heal wounds {unknown}
 x - 4 potions of curing


   Skills:
 + Level 3.7 Fighting
 - Level 8.0 Short Blades
 - Level 2.0 Throwing
 + Level 3.2 Dodging
 - Level 10.0 Stealth


You had 3 spell levels left.
You knew the following spells:

 Your Spells              Type           Power      Damage    Failure   Level
a - Dazzling Flash        Conj/Hex       0%         N/A       58%         3
b - Sting                 Tmut/Pois      0%         1d3       26%         1

Your spell library contained the following spells:

 Spells                   Type           Power      Damage    Failure   Level
 Poisonous Vapours        Pois/Air       0%         N/A       36%         2
 Iskenderun's Mystic Bla  Conj/Tloc      0%         2d3       94%         4
 Olgreb's Toxic Radiance  Pois           0%         N/A       94%         4
 Starburst                Conj/Fire      0%         6d3       100%        6


Dungeon Overview and Level Annotations

Branches:
Dungeon (6/15)
 Temple: D:4-7

Altars:

Shops:
D:4 :


Innate Abilities, Weirdness & Mutations

You cannot wear most types of armour.
You are amphibious.
You can wear up to eight rings at the same time.
Your skin changes colour to match your surroundings (Stealth+).
Your rubbery body absorbs attacks. (AC +1, EV +1)
((You are camouflaged near water. (Stealth+)))
You have tentacles for arms and can constrict up to eight enemies at once.


Message History

You hit the gnoll sergeant but do no damage.
The gnoll sergeant looks as sick as possible!
The gnoll sergeant blocks your attack.
The gnoll sergeant is lightly wounded.
You constrict the gnoll sergeant, but do no damage.
You feel sick.
You hit the gnoll sergeant.
The gnoll sergeant is moderately wounded.
You constrict the gnoll sergeant.
You feel sick. The bullfrog zombie hits you.
You hit the gnoll sergeant but do no damage.
The gnoll sergeant is moderately wounded.
You constrict the gnoll sergeant.
You feel sick.
You release your grip on the gnoll sergeant.
You feel very sick.
The gnoll sergeant hits you from afar with a +1 trident of venom!
You are lethally poisoned!
The gnoll misses you.
* * * LOW HITPOINT WARNING * * *
You feel very sick. The bullfrog zombie hits you.
* * * LOW HITPOINT WARNING * * *
Things that are here:
a +0 shortbow; 22 arrows; a centaur corpse
Okay, then.
Okay, then.
It was a potion of degeneration.
There was something very wrong with that liquid.
You feel weakened.
You feel dopey.
You feel clumsy.
* * * LOW HITPOINT WARNING * * *
You feel very sick. The bullfrog zombie misses you.
It was a potion of attraction.
You feel attractive to monsters.
* * * LOW HITPOINT WARNING * * *
You feel very sick. The bullfrog zombie closely misses you.
It was a potion of curing.
You feel better. The bullfrog zombie hits you.
* * * LOW HITPOINT WARNING * * *
The gnoll sergeant hits you from afar with a +1 trident of venom!
You die...

### # #.
#.# ...
.. ..#
#.# ..
... #:#
#.# #.#
#.# #.#
#<# #@#
#Z# #g#
#gg.#
#.#.#.#
#.##.....
## ###
###


You could see a gnoll sergeant (very poisoned), 2 gnolls and a bullfrog zombie.

Vanquished Creatures
  Eustachio (D:5)
  Duvessa (D:6)
  A black bear (D:4)
  A centaur (D:6)
  A necrophage (D:5)
  A phantom (D:5)
  A bullfrog (D:6)
  Dowan (D:6)
  3 scorpions (D:5)
  A water moccasin zombie (D:5)
  2 wyvern skeletons (D:5)
  2 wights (D:6)
  A howler monkey (D:6)
  4 hounds
  A bullfrog skeleton (D:5)
  2 iguanas
  Ijyb (D:4)
  2 hound skeletons
  A gnoll (D:6)
  A howler monkey skeleton (D:5)
  5 adders
  2 adder skeletons (D:4)
  6 worms
  3 dart slugs
  12 orcs
  5 ball pythons
  6 endoplasms
  6 giant cockroaches
  2 goblins (D:1)
  5 hobgoblins
  3 jackals (D:2)
  5 kobolds
  2 quokkas (D:3)
  2 bats
  3 frilled lizards
  2 rats (D:2)
98 creatures vanquished.

Vanquished Creatures (others)
  4 fungi (D:3)
  7 plants (D:3)
11 creatures vanquished.

Grand Total: 109 creatures vanquished

Notes
Turn   | Place    | Note
-------+----------+-------------------------------------------
     0 | D:1      | Delamore the Octopode Brigand began the quest for the Orb.
     0 | D:1      | Reached XP level 1. HP: 14/14 MP: 1/1
   306 | D:1      | Reached XP level 2. HP: 16/19 MP: 2/2
  1162 | D:2      | Reached skill level 6 in Stealth
  1162 | D:2      | Reached XP level 3. HP: 10/24 MP: 3/3
  1395 | D:2      | Reached XP level 4. HP: 29/29 MP: 4/4
  2427 | D:3      | You fall into a shaft and drop 1 floor!
  2447 | D:4      | Noticed Ijyb
  2452 | D:4      | Killed Ijyb
  2453 | D:4      | Reached XP level 5. HP: 34/34 MP: 5/5
  2806 | D:3      | Learned a level 3 spell: Dazzling Flash
  2808 | D:3      | Learned a level 1 spell: Sting
  2891 | D:3      | Found a faded altar of an unknown god.
  3034 | D:3      | Reached skill level 7 in Stealth
  3127 | D:3      | Reached skill level 5 in Short Blades
  3127 | D:3      | Reached XP level 6. HP: 39/39 MP: 6/6
  3171 | D:3      | Identified a scroll of acquirement
  3218 | D:3      | Acquired 1284 gold pieces
  3404 | D:3      | You fall into a shaft and drop 1 floor!
  3547 | D:4      | Found Essesme's Book Emporium.
  3969 | D:4      | Noticed a black bear
  3971 | D:4      | Killed a black bear
  3999 | D:5      | Entered Level 5 of the Dungeon
  4076 | D:5      | Reached XP level 7. HP: 31/45 MP: 7/7
  4080 | D:5      | Reached skill level 8 in Stealth
  4302 | D:5      | Acquired a +4 quick blade
  4644 | D:5      | Reached skill level 9 in Stealth
  4644 | D:5      | Reached XP level 8. HP: 50/50 MP: 8/8
  4798 | D:5      | Noticed Eustachio
  4806 | D:5      | Killed Eustachio
  5027 | D:6      | Noticed Duvessa
  5030 | D:6      | Noticed Dowan
  5035 | D:6      | Reached skill level 10 in Stealth
  5047 | D:6      | Killed Duvessa
  5049 | D:6      | Killed Dowan
  5422 | D:6      | HP: 2/54 [poisoned by a gnoll sergeant]
  5423 | D:6      | Slain by a gnoll sergeant

Illustrated notes

Levels and vault maps discovered:
D:1:      elethiomel_arrival_infinity_welcomes_careful_drivers, layout_rooms
D:2:      layout_basic
D:3:      layout_loops_ring, shapermc_ecumenical_altar_mp_ritualfount
D:4:      layout_loops_ring, serial_shops, nicolae_stop_n_shop_2, uniq_ijyb
D:5:      kennysheep_six_static_rooms, layout_loops_cross, uniq_eustachio
D:6:      layout_loops_ring, gammafunk_ghost_mausoleum, uniq_duvessa

Skill      XL: |  1  2  3  4  5  6  7  8 |
---------------+-------------------------+-----
Short Blades   | 3 4 5 6 7 8 |  8.0
Stealth        | 6 7 9 10 | 10.0
Dodging        | 3 |  3.2
Fighting       | 3 |  3.7
Throwing       | |  2.0

Action                   |  1- 3 |  4- 6 |  7- 9 || total
-------------------------+-------+-------+-------++-------
Melee: Dagger            |    46 |    92 |    17 ||   155
       Constrict         |    12 |    19 |    16 ||    47
       Tentacles         |     9 |    11 |    18 ||    38
       Quick blade       |       |       |    89 ||    89
Throw: Dart              |     2 |     1 |     2 ||     5
       Javelin           |       |       |     2 ||     2
Evoke: Wand              |       |       |     1 ||     1
  Use: Scroll            |       |     4 |     3 ||     7
       Potion            |       |       |     3 ||     3
 Stab: Sleeping          |     4 |    22 |    10 ||    36
       Distracted        |       |       |     1 ||     1
       Paralysed         |       |       |     1 ||     1
Armor: Skin              |     3 |    11 |     4 ||    18
Dodge: Dodged            |    19 |    23 |    36 ||    78
